Unix NetHack Version 5.0.0-0 post-release - last build May 10 2026 23:12:36 (d1fa5d53e341ca933230fdaa984d921c805b60aa,branch:main).

Game began 2026-05-11 22:10:19, ended 2026-05-11 22:16:51.

Eesui, chaotic male human Rogue

                                                          -----
    --------                                   ###########-...|
    |.....^.#              ------              #          |..(|
    |.....%|#              |....|              #          |...-####   -------
    |{...(.|#              |....|        #######          -----   ####-.][[[|
    |.....<|#              |....|#########                            |@[d[[|
    |......|#              |.....##                                   |.[@.[|
    ---|----#            ##.....| #                                   |.[[[[|
       #### #            # |....|                                     |.[.[[|
          ###            # ------                                     -------
           ###        ####
            #####     #
            #   ##    #
         ####    #    #
          -------.--- #
         #|.........| #
         #........`.%##
          -----------

Eesui the Cutpurse      St:12 Dx:18 Co:17 In:9 Wi:11 Ch:9  Chaotic
Dlvl:5  $:39 HP:31(31) Pw:12(12) AC:6  Xp:3/45 T:1955 

Latest messages:
 You find a hidden door.
 This door is locked.
 Unlock it with your lock pick? [ynq] (q)
 You succeed in picking the lock.
 The door opens.
 Pick a monster, object or location.
 (        a useful item (pick-axe, key, lamp...) (a whistle)
 D - a gold spellbook.
 You see here a whistle.
 What do you want to use or apply? [efj-myAD or ?*]
 You produce a high whistling sound.
 You swap places with your dog.
 #
 What do you want to name? [a-npr-zA-D or ?*]
 "Hello, Eesui!  Welcome to Balya's used armor dealership!"
 Pick a monster, object or location.
 Pick a monster, object or location.
 [        a suit or piece of armor (an elven mithril-coat (for sale, 320 zorkmids))
 Pick a monster, object or location.
 [        a suit or piece of armor (a studded leather armor (for sale, 20 zorkmids))
 Pick a monster, object or location.
 You see here a scale mail (for sale, 60 zorkmids).
 What do you want to drop? [$a-npr-zA-D or ?*]
 You drop an orcish dagger.
 Balya offers 2 gold pieces for your orcish dagger.  Sell it? [ynaq] (n)
 r - an orcish dagger.
 You see here a leather jacket (for sale, 13 zorkmids).
 You see here a pair of fencing gloves (for sale, 67 zorkmids).
 "For you, honored sir; only 67 zorkmids for this pair of fencing gloves."
 E - a pair of fencing gloves (unpaid, 67 zorkmids).
 Pick a monster, object or location.
 [        a suit or piece of armor (a studded leather armor (for sale, 20 zorkmids))
 You see here an elven mithril-coat (for sale, 320 zorkmids).
 You see here a pair of jackboots (for sale, 16 zorkmids).
 You see here a scale mail (for sale, 60 zorkmids).
 What do you want to eat? [xC or ?*]
 You cannot eat that!
 What do you want to write with? [- abgklnprwA or ?*]
 Never mind.
 What do you want to drop? [$a-npr-zA-E or ?*]
 You drop a pair of fencing gloves (unpaid, 67 zorkmids).
 You see here a pair of jackboots (for sale, 16 zorkmids).
 The dog misses the rabid rat.
 Your dog steps reluctantly onto a pair of fencing gloves.
 The dog picks up a leather jacket.
 #
 Really quit without saving? [yn] (n)
 Balya gratefully inherits all your possessions.
 Do you want to see what you had when you quit? [ynq] (y)
 Do you want to see your attributes? [ynq] (y)

Inventory:
 Coins    ('$')
  $ - 39 gold pieces
 Weapons  (')')
  b - a +0 dagger (wielded in left hand)
  g - 8 +0 daggers (at the ready)
  r - a +0 orcish dagger
  a - a +0 short sword (wielded in right hand)
 Armor    ('[')
  s - an uncursed +0 orcish helm (being worn)
  c - an uncursed +1 leather armor (being worn)
 Comestibles  ('%')
  x - an uncursed cram ration
  C - an uncursed lichen corpse
 Scrolls  ('?')
  z - a blessed scroll of food detection
  t - an uncursed scroll of identify named in
  B - an uncursed scroll of light
  u - a cursed scroll of remove curse
  i - a blessed scroll of scare monster
 Spellbooks  ('+')
  D - an uncursed spellbook of detect monsters
  m - a blessed spellbook of healing
  j - an uncursed spellbook of protection
 Potions  ('!')
  v - 4 uncursed potions of healing
  d - an uncursed potion of sickness
  h - 2 uncursed potions of speed
 Rings    ('=')
  n - a cursed ring of aggravate monster
  p - a blessed +3 ring of increase damage
 Wands    ('/')
  A - a wand of magic missile (0:5)
 Tools    ('(')
  f - an empty uncursed sack
  e - an uncursed lock pick
  y - an uncursed tin whistle
  l - an uncursed towel
 Gems/Stones  ('*')
  w - an uncursed worthless piece of yellow glass
  k - an uncursed luckstone

Eesui the Rogue's attributes:

Background:
 You were a Cutpurse, a level 3 male human Rogue.
 You were chaotic, nominally on a mission for Kos
 who was opposed by Issek (lawful) and Mog (neutral).
 You were right-handed.
 You were in the Dungeons of Doom, on level 5.
 You entered the dungeon 1955 turns ago.
 It was nighttime.
 You had 45 experience points, 35 more were needed to attain level 4.

Basics:
 You had all 31 hit points.
 You had all 12 energy points (spell power).
 Your armor class was 6.
 Your wallet contained 39 zorkmids.
 Autopickup was on, but temporarily disabled while inside the shop.

Final Characteristics:
 Your strength was 12 (limit:18/100).
 Your dexterity was 18 (limit:18).
 Your constitution was 17 (limit:18).
 Your intelligence was 9 (limit:18).
 Your wisdom was 11 (limit:18).
 Your charisma was 9 (limit:18).

Final Status:
 You weren't hungry.
 You were unencumbered.
 You were wielding two weapons at once.
 Your skill in short sword was limited by being unskilled with two weapons.
 Your skill in dagger was also limited by being unskilled with two weapons.
 You could have enhanced skill with two weapons.

Final Attributes:
 You were devoutly aligned.
 You were stealthy.
 You were warded.
 You were lucky.
 You had extra luck.
 Bad luck did not time out for you.
 Good luck did not time out for you.
 You survived.

Miscellaneous:
 You disabled loading of bones levels.
 Total elapsed playing time was 6 minutes and 31 seconds.

Major events:
 Turn
    1: Eesui the chaotic male human Rogue entered the dungeon
 1549: entered the Gnomish Mines
 1825: attained the rank of Cutpurse (level 3)
 1955: quit

You didn't know any spells.

Skills:
 Fighting Skills
   bare handed combat [Unskilled]
   two weapon combat  [Unskilled]
   riding             [Unskilled]
 Weapon Skills
   dagger             [Basic]
   knife              [Unskilled]
   short sword        [Basic]
   broadsword         [Unskilled]
   long sword         [Unskilled]
   two-handed sword   [Unskilled]
   saber              [Unskilled]
   club               [Unskilled]
   mace               [Unskilled]
   morning star       [Unskilled]
   flail              [Unskilled]
   hammer             [Unskilled]
   polearms           [Unskilled]
   spear              [Unskilled]
   crossbow           [Unskilled]
   dart               [Unskilled]
   shuriken           [Unskilled]
 Spellcasting Skills
   divination spells  [Unskilled]
   escape spells      [Unskilled]
   matter spells      [Unskilled]

Voluntary challenges:
 Character rerolling was not enabled.
 You were an atheist.
 You never genocided any monsters.
 You never polymorphed an object.
 You never changed form.
 You used no wishes.
Achievements:
 You entered the Gnomish Mines.
 You attained the rank of Cutpurse.
 You entered a shop.

 The Dungeons of Doom: levels 1 to 5
    Level 1: "vault"
       Some fountains.
    Level 2:
    Level 3:
       A fountain, a sink.
    Level 4:
       A fountain.
       Stairs down to The Gnomish Mines.
    Level 5: <- You were here.
       An armor shop, a fountain.
 The Gnomish Mines:
    Level 5:


Vanquished creatures:
  a kobold leader
  2 orc zombies
  a wererat
  a werejackal
 an acid blob
  2 yellow molds
  a green mold
  2 geckos
  4 jackals
  2 foxes
  4 goblins
  6 grid bugs
  a lichen
  2 kobold zombies
  6 newts
36 creatures vanquished.

No species were genocided or became extinct.

Goodbye Eesui the Rogue...

You quit in The Dungeons of Doom on dungeon level 5 with 419 points,
and 39 pieces of gold, after 1955 moves.
You were level 3 with a maximum of 31 hit points when you quit.

